AoeStats
← PomPom

Arabia

512310207Analyzed
1v1 RM · 5d ago on Oct 9, 2026· 27m 19s· 2 players
Game mode
Random Map
Map size
Tiny (2 player)
Population
200
Speed
Normal
Resources
Standard
Victory
Conquest
Starting age
Dark Age
Ending age
Imperial Age
RankedLock teamsTeams togetherTeam positionsShared explorationLock speedFull tech treeHidden civsTurbo modeCheats
Victory
Defeat
🇻🇳 Vikings · Vietnam
1711
+13
vs
🇲🇽 Varangians · Mexico
1642
-13
Wero
6:16 Loom
8:51 Feudal Age
9:17 Man-at-Arms
11:02 Double-Bit Axe
14:07 Fletching
21:06 Castle Age
19:29 Horse Collar
20:09 Gold Mining
20:45 Padded Archer Armor
21:07 Crossbowman
22:18 Bodkin Arrow
PomPom
6:50 Loom
9:22 Feudal Age
10:02 Double-Bit Axe
19:43 Castle Age
17:46 Fletching
18:17 Padded Archer Armor
20:04 Gold Mining
19:54 Horse Collar
19:45 Crossbowman
20:37 Bow Saw
20:48 Bodkin Arrow
21:25 Horse Collar
21:38 Town Watch
23:07 Ballistics
27:21 Heavy Plow
Connection lost

Rejoining the realm…

Still unreachable

The connection could not be restored.

Session expired

The server has moved on; the page needs a fresh start.